 Dungeon Crawl Stone Soup version 0.31-a0-149-g3fdcc5976a (webtiles) character file.

Game seed: 3765158074204758664

48 qw the Shooter (level 3, -7/31 HPs)
             Began as a Minotaur Hunter on June 7, 2023.
             Mangled by an ogre
             ... wielding a +0 giant club
              (26 damage)
             ... on level 2 of the Dungeon.
             The game lasted 00:00:28 (809 turns).

qw the Shooter (Minotaur Hunter)                     Turns: 809, Time: 00:00:28

Health: -7/31      AC:  8    Str: 15    XL:     3   Next: 50%
Magic:  2/2        EV: 11    Int:  6    God:
Gold:   93         SH:  0    Dex: 15    Spells: 2/2 levels left

rFire   + . .        Y - +0 shortbow
rCold   . . .        (shield currently unavailable)
rNeg    . . .        k - +1 ring mail {rF+}
rPois   .            (helmet restricted)
rElec   .            (no cloak)
rCorr   .            l - +0 pair of gloves
SInv    .            i - +0 pair of boots
Will    .....        c - amulet of faith
Stlth   +            (no ring)
HPRegen 0.25/turn    (no ring)
MPRegen 0.08/turn

%: faith
@: no status effects
A: horns 2, retaliatory headbutt
a: no special abilities


You were on level 2 of the Dungeon.
You visited 1 branch of the dungeon, and saw 2 of its levels.

You collected 93 gold pieces.


Innate Abilities, Weirdness & Mutations

You have a pair of horns on your head.
You reflexively headbutt those who attack you in melee.


   Skills:
 - Level 3.0 Fighting
 + Level 5.4 Ranged Weapons
 - Level 1.0 Armour
 - Level 2.1 Dodging
 - Level 0.7 Stealth


You had 2 spell levels left.
You didn't know any spells.
Your spell library was empty.

Inventory:

Hand Weapons
 Y - a +0 shortbow (weapon)
Armour
 i - a +0 pair of boots (worn)
 k - a +1 ring mail of fire resistance (worn)
 l - a +0 pair of gloves (worn)
Jewellery
 c - an amulet of faith (around neck)
Scrolls
 a - a scroll of enchant armour {unknown}
 b - a scroll of brand weapon {unknown}
 j - a scroll of identify
Potions
 g - a potion of heal wounds {unknown}

Dungeon Overview and Level Annotations

Branches:
Dungeon (2/15)

Altars:


Message History

Enter note:
Enter note: You shoot an arrow.
The arrow hits the frilled lizard.
You kill the frilled lizard!
Found a stone staircase leading up.
Enter note:
Enter note:
Enter note: You now have 93 gold pieces (gained 13).
You see here a rat corpse.
Found an escape hatch in the ceiling.
Enter note:
Enter note:
Enter note:
There is an escape hatch in the ceiling here.
Found an escape hatch in the floor.
Enter note:
Enter note:
Enter note: An ogre comes into view. It is wielding a +0 giant club.
Enter note:
Enter note:
Enter note: You shoot an arrow.
The arrow barely misses the ogre.
You shoot an arrow.
The arrow hits the ogre but does no damage.
You shoot an arrow. The arrow hits the ogre.
The ogre is lightly wounded.
You shoot an arrow. The arrow hits the ogre.
The ogre is moderately wounded.
The ogre barely misses you.
You shoot an arrow. The arrow hits the ogre.
The ogre is heavily wounded.
The ogre hits you with a +0 giant club!
You shoot an arrow. The arrow hits the ogre.
The ogre is severely wounded.
You shoot an arrow. The arrow barely misses the ogre.
The ogre hits you with a +0 giant club!!
Ouch! That really hurt!
You die...

..### #...........#
....###..........#.
..#>...............
..#......## .##...
....###.%# ....#
..### ##.........#
..# #.######..#####
#.# #.# ##......#
#.# #.#####..@O...#
..#
#.#......####..#
#.## #...###.##
#..## ##.###...#
##..###..# .....
##<#....##.#####
#.#.##....# #
#..>####.## # #####
#..#


You could see an ogre.

Vanquished Creatures
  2 dart slugs (D:1)
  2 bats
  6 endoplasms
  A giant cockroach (D:2)
  A goblin (D:1)
  7 hobgoblins
  4 jackals (D:2)
  3 quokkas (D:1)
  A ball python (D:2)
  4 frilled lizards
  5 kobolds
  3 rats (D:2)
39 creatures vanquished.

Notes
Turn   | Place    | Note
-------+----------+-------------------------------------------
     0 | D:1      | qw the Minotaur Hunter began the quest for the Orb.
     0 | D:1      | Reached XP level 1. HP: 18/18 MP: 0/0
     0 | D:1      | 0 ||| qw: Version: 0.2-a-117-gc6b5c8b
     0 | D:1      | 0 ||| qw: Game counter: 2612
     0 | D:1      | 0 ||| qw: Always use a shield: true
     0 | D:1      | 0 ||| qw: God list: Okawaru
     0 | D:1      | 0 ||| qw: Allow faded altars: false
     0 | D:1      | 0 ||| qw: Do Orc after D:15 true
     0 | D:1      | 0 ||| qw: Do second Lair branch before Depths: true
     0 | D:1      | 0 ||| qw: Lair rune preference: random
     0 | D:1      | 0 ||| qw: Plans: Normal
     0 | D:1      | 0 ||| PLANNING D:1-11
   147 | D:1      | Found a faded altar of an unknown god.
   152 | D:1      | Reached skill level 5 in Ranged Weapons
   152 | D:1      | Reached XP level 2. HP: 25/25 MP: 1/1
   170 | D:1      | 170 ||| UPGRADING to +0 pair of boots.
   283 | D:1      | 283 ||| UPGRADING to +1 ring mail of fire resistance.
   295 | D:1      | 295 ||| DROPPING +0 leather armour.
   303 | D:1      | Reached skill level 1 in Armour
   357 | D:1      | 357 ||| DROPPING +2 sling of freezing.
   402 | D:1      | 402 ||| UPGRADING to +0 pair of gloves.
   525 | D:1      | 525 ||| UPGRADING to amulet of faith.
   530 | D:1      | 530 ||| DROPPING ring of wizardry.
   531 | D:1      | 531 ||| READING scroll labelled FAF QETHO ASIN.
   532 | D:1      | 532 ||| READING scroll labelled MUTOIN ETHICK.
   533 | D:1      | 533 ||| READING scroll labelled QIOTI YVIE.
   534 | D:1      | 534 ||| READING 2 scrolls labelled KIMISA YT DUWOR.
   535 | D:1      | 535 ||| DROPPING scroll of butterflies.
   537 | D:1      | 537 ||| Stepping ~*~*~tactically~*~*~ (cloud).
   542 | D:1      | HP: 6/25 [poisoned by you (poison gas)]
   645 | D:2      | Reached skill level 3 in Fighting
   650 | D:2      | Reached XP level 3. HP: 31/31 MP: 2/2
   802 | D:2      | Noticed an ogre
   809 | D:2      | Mangled by an ogre

Levels and vault maps discovered:
D:1:      dpeg_arrival_rooms_with_view, layout_rooms,
          ebering_ecumenical_altar_petrified, chequers_serial_rivers_marsh
D:2:      layout_rooms, grunt_decor_mini_mirrors

Skill      XL: |  1  2 |
---------------+-------+-----
Ranged Weapons | 5 |  5.4
Armour         | 1 |  1.0
Fighting       | 3 |  3.0
Dodging        | |  2.1
Stealth        | |  0.7

Action                     || total
---------------------------++-------
   Fire: Shortbow          ||    96
    Use: Scroll            ||     4
 Armour: Leather armour    ||     4
         Ring mail         ||     7
  Dodge: Dodged            ||    23

Table legend:
 A = Non-vault XP
 B = Vault XP
 C = Vault XP percentage of total XP
 D = Non-vault monster count
 E = Vault monster count
 F = Vault count percentage of total count
                 A         B        C        D         E       F
            +---------+---------+-------+---------+---------+-------
      Total |      65 |       4 |   5.8 |      37 |       2 |   5.1
            +---------+---------+-------+---------+---------+-------
        D:1 |      31 |       4 |  11.4 |      16 |       2 |  11.1
        D:2 |      34 |       0 |   0.0 |      21 |       0 |   0.0
            +---------+---------+-------+---------+---------+-------
